 Dungeon Crawl Stone Soup version 0.21.1-1-g345015f (console) character file.

30 Homage the Caller (level 3, -2/19 HPs)
             Began as a Tengu Summoner on May 1, 2018.
             Slain by Natasha (9 damage)
             ... on level 2 of the Dungeon.
             The game lasted 00:04:30 (1494 turns).

Homage the Caller (Tengu Summoner)                  Turns: 1494, Time: 00:04:31

Health: -2/19      AC:  2    Str:  8    XL:     3   Next: 18%
Magic:  1/7        EV: 12    Int: 16    God:
Gold:   61         SH:  0    Dex: 14    Spells: 3/6 levels left

rFire    . . .     SeeInvis +   e - +1 dagger
rCold    . . .     Gourm    .   (no shield)
rNeg     . . .     Faith    .   a - +0 robe
rPois    .         Spirit   .   (helmet restricted)
rElec    .         Reflect  .   (no cloak)
rCorr    .         Harm     .   (no gloves)
MR       .....                  (boots unavailable)
Stlth    ++........             (no amulet)
HPRegen  0.06/turn              d - ring of see invisible
MPRegen  0.10/turn              (no ring)

@: no status effects
A: beak, talons 3
a: no special abilities


You were on level 2 of the Dungeon.
You were not hungry.

You visited 1 branch of the dungeon, and saw 2 of its levels.

You collected 61 gold pieces.


Innate Abilities, Weirdness & Mutations

You have a beak for a mouth.
You have claws for feet.


   Skills:
 - Level 2.1 Dodging
 - Level 2.0 Stealth
 - Level 2.0 Spellcasting
 + Level 6.0 Summonings


You had 3 spell levels left.
You knew the following spells:

 Your Spells              Type           Power        Failure   Level  Hunger
a - Call Imp              Summ           ###.....     2%          2    ###....
Z - Summon Small Mammal   Summ           ###.         1%          1    #......

Inventory:

Hand Weapons
 e - a +1 dagger (weapon)
Armour
 a - a +0 robe (worn)
Jewellery
 d - a ring of see invisible (left hand)
Scrolls
 g - 3 scrolls of remove curse
 h - a scroll of immolation
Books
 b - a book of Callings

   Spells                             Type                      Level
   a - Summon Small Mammal            Summoning                    1
   b - Call Imp                       Summoning                    2
   c - Call Canine Familiar           Summoning                    3
   d - Summon Guardian Golem          Hexes/Summoning              3
   e - Summon Lightning Spire         Summoning/Air                4
   f - Summon Ice Beast               Ice/Summoning                4
Comestibles
 c - a ration
 f - a chunk of flesh


Message History

Your shadow imp barely misses Natasha.
Casting: Call Imp
Confirm with . or Enter, or press ? or * to list all spells.
A beastly little devil appears in a puff of flame.
Your crimson imp misses the rat.
Natasha stares at you and mumbles some strange words.
The magic dart hits you!
Your shadow imp hits the rat but does no damage.
Your shadow imp disappears in a puff of smoke!
What are your orders? t - Shout!
Orders for allies: a - Attack new target. r - Retreat! s - Stop attacking. g - Guard the area. f - Follow me.
Anything else - Cancel.
Gang up on whom?
Press: ? - help, Dir - move target cursor, f - Natasha
Aim: Natasha (moderately wounded) Attack!
The rat misses your crimson imp. Natasha claws you!
You die...

...5..####...# ##........#
.....5.......# #.........#
.....5####r..# #.........# ......#
##...###.........########
####.####..####..........##......
####.......5............###......
........##..5.>......#...........
.......###..ยค..5........###......
.......#......rh@.)...#.# #...<..
......................#.# #......
#.##....##............#.###.#####
. #....##............#.....#
#.....#..........#...#####
#.###....#..#..#.#.......# ..
........##.#..........#
........##.............#
$.......#..............#


You could see Natasha, a rat and 3 friendly crimson imps.

Vanquished Creatures
  2 leopard geckos (D:1)
  2 bats
  A giant cockroach (D:2)
  A goblin (D:1)
  2 kobolds (D:1)
8 creatures vanquished.

Vanquished Creatures (collateral kills)
  An adder (D:2)
  An ooze (D:1)
  A worm (D:2)
  A leopard gecko (D:2)
  A giant cockroach (D:1)
  3 hobgoblins (D:1)
  3 kobolds (D:1)
  A bat (D:1)
12 creatures vanquished.

Grand Total: 20 creatures vanquished

Notes
Turn   | Place    | Note
-------+----------+-------------------------------------------
     0 | D:1      | Homage the Tengu Summoner began the quest for the Orb.
     0 | D:1      | Reached XP level 1. HP: 10/10 MP: 4/4
   225 | D:1      | Reached skill level 5 in Summonings
   353 | D:1      | Reached XP level 2. HP: 9/15 MP: 3/6
   358 | D:1      | Learned a level 2 spell: Call Imp
  1319 | D:2      | Reached XP level 3. HP: 19/19 MP: 3/7
  1332 | D:2      | Reached skill level 6 in Summonings
  1466 | D:2      | Noticed Natasha
  1494 | D:2      | Slain by Natasha

Vault maps used:
D:1:      dpeg_arrival_tiny_j
D:2:      uniq_natasha, uniq_sigmund

Action                   || total
-------------------------++-------
Melee: Dagger            ||    32
       Unarmed           ||     4
       Peck              ||     6
       Kick              ||     5
 Cast: Summon Small Mamm ||     5
       Call Imp          ||    17
  Use: Scroll            ||     3
       Potion            ||     3
 Stab: Sleeping          ||     2
  Eat: Chunk             ||     3
Armor: Robe              ||     4
Dodge: Dodged            ||    33
